 Dungeon Crawl Stone Soup version 0.29-a0-668-g12ee2bf84d (console) character file.

Game seed: 6105577475248445995

222 om the Insei (level 5, 0/33 HPs)
             Began as an Octopode Transmuter on June 23, 2022.
             Slain by an orc
             ... wielding a +0 dagger of venom
              (4 damage)
             ... on level 4 of the Dungeon.
             The game lasted 00:03:50 (3654 turns).

om the Insei (Octopode Transmuter)                  Turns: 3654, Time: 00:03:51

Health: 0/33       AC:  1    Str: 11    XL:     5   Next: 99%
Magic:  8/8        EV: 13    Int: 15    God:
Gold:   146        SH:  0    Dex: 13    Spells: 5/8 levels left

rFire   . . .      SeeInvis .     - Unarmed
rCold   . . .      Faith    .   (no shield)
rNeg    . . .      Spirit   .   (helmet currently unavailable)
rPois   .          Reflect  .   (no amulet)
rElec   .          Harm     .   (no ring)
rCorr   .          Rampage  .   (no ring)
Will    .....                   (no ring)
Stlth   ++........              (no ring)
HPRegen 0.11/turn               (no ring)
MPRegen 0.11/turn               (no ring)
                                (no ring)
                                (no ring)

@: confused, lethally poisoned (0 -> -11), appendages (expiring),
ambrosia-drunk, wereblooded
A: tentacle spike 3, almost no armour, amphibious, 8 rings, camouflage 1,
gelatinous body 1, (nimble swimmer 1), tentacles
a: End Transformation


You were on level 4 of the Dungeon.
One of your tentacles had grown a beastly spike.
You visited 1 branch of the dungeon, and saw 4 of its levels.

You collected 146 gold pieces.

Inventory:

Jewellery
 i - a ring of fire
Wands
 h - a wand of charming (9)
 m - a wand of digging (4)
Scrolls
 d - a scroll of blinking
 n - a scroll of amnesia
Potions
 a - a potion of lignification
 b - a potion of heal wounds {unknown}
 c - a potion of flight
 f - 2 potions of attraction
 g - a potion of magic
 j - 2 potions of berserk rage


   Skills:
 - Level 1.0 Fighting
 - Level 2.0 Dodging
 + Level 6.4 Unarmed Combat
 - Level 2.0 Spellcasting
 - Level 2.0 Transmutations


You had 5 spell levels left.
You knew the following spells:

 Your Spells              Type           Power      Damage    Failure   Level
a - Beastly Appendage     Tmut           14%        N/A       10%         1
b - Wereblood             Tmut           7%         N/A       14%         2

Your spell library contained the following spells:

 Spells                   Type           Power      Damage    Failure   Level
 Passwall                 Tmut/Erth      3%         N/A       22%         2
 Ensorcelled Hibernation  Hex/Ice        2%         N/A       32%         2
 Spider Form              Tmut/Pois      4%         N/A       41%         3
 Call Canine Familiar     Summ           1%         N/A       54%         3
 Portal Projectile        Hex/Tloc       2%         N/A       54%         3
 Swiftness                Air            1%         N/A       54%         3
 Tukima's Dance           Hex            1%         N/A       54%         3
 Ice Form                 Ice/Tmut       4%         N/A       82%         4
 Leda's Liquefaction      Hex/Erth       0%         N/A       91%         4
 Blade Hands              Tmut           3%         N/A       95%         5


Dungeon Overview and Level Annotations

Branches:
Dungeon (4/15)
 Temple: D:4-7

Altars:
Uskayaw


Innate Abilities, Weirdness & Mutations

One of your tentacles has grown a beastly spike.
You cannot wear most types of armour.
You are amphibious.
You can wear up to eight rings at the same time.
Your skin changes colour to match your surroundings (Stealth+).
Your rubbery body absorbs attacks. (AC +1, EV +1)
((You are camouflaged when in or above water. (Stealth+)))
You have tentacles for arms and can constrict up to eight enemies at once.


Message History

The orc priest is heavily wounded.
You constrict the orc priest.
The orc priest hits you with a +0 trident.
You bludgeon the orc priest!
You kill the orc priest!
You hear the hiss of a very distant avalanche of sand.
The orc barely misses you.
Casting: Beastly Appendage (safe; 10% risk of failure)
Confirm with . or Enter, or press ? or * to list all spells.
Your blood is infused with primal strength.
The orc hits you with a +0 short sword. The orc completely misses you.
The orc hits you with a +0 short sword.
You closely miss the orc. You grab the orc.
You pierce the orc, but do no damage.
You constrict the orc, but do no damage.
The orc hits you with a +0 short sword.
The orc hits you with a +0 dagger of venom.
You are poisoned.
The orc barely misses you.
You tentacle-slap the orc but do no damage.
You constrict the orc.
You feel sick. The orc barely misses you. The orc closely misses you.
The orc hits you with a +0 short sword.
* * * LOW HITPOINT WARNING * * *
You are confused.
You feel invigorated.
Your transformation is almost over.
You constrict the orc.
You feel sick. The orc completely misses you.
The orc hits you with a +0 dagger of venom.
* * * LOW HITPOINT WARNING * * *
You are more poisoned.
The orc hits you with a +0 short sword.
* * * LOW HITPOINT WARNING * * *
You release your grip on the orc.
The orc attacks as you move away! The orc barely misses you.
The orc attacks as you move away! The orc misses you.
* * * LOW HITPOINT WARNING * * *
You feel very sick. The orc barely misses you.
You tentacle-slap the orc.
Your tentacle spike misses the orc.
The orc is lightly wounded.
* * * LOW HITPOINT WARNING * * *
You feel sick. The orc hits you with a +0 short sword.
* * * LOW HITPOINT WARNING * * *
The orc hits you with a +0 dagger of venom.
You die...

... #.# #.#
#.### # #.#.. .#
. #.#.# ..#
[..####.#.# ...#
...?....#.#....#
....##.@<...# [
#.##oo#####.#
#....o.......
+.....#######
##....# #.....
#..#.. #..#..#
#..#..# #..#...


You could see 3 orcs.

Vanquished Creatures
  An orc priest (D:4)
  Jessica (D:2)
  Ijyb (D:3)
  Natasha (thrice) (D:2)
  An orc wizard (D:4)
  An adder (D:3)
  A worm (D:3)
  A dart slug (D:3)
  An orc (D:3)
  5 bats
  3 endoplasms
  2 hobgoblins (D:3)
  2 jackals (D:3)
  A quokka (D:1)
  5 ball pythons (D:1)
  2 kobolds
  2 rats (D:2)
33 creatures vanquished.

Notes
Turn   | Place    | Note
-------+----------+-------------------------------------------
     0 | D:1      | om the Octopode Transmuter began the quest for the Orb.
     0 | D:1      | Reached XP level 1. HP: 13/13 MP: 3/3
   508 | D:1      | Reached XP level 2. HP: 18/18 MP: 5/5
  1153 | D:2      | Learned a level 2 spell: Wereblood
  1158 | D:2      | Noticed Natasha
  1163 | D:2      | Killed Natasha
  1164 | D:2      | Reached skill level 4 in Unarmed Combat
  1164 | D:2      | Reached XP level 3. HP: 12/23 MP: 4/6
  1418 | D:2      | Noticed Jessica
  1423 | D:2      | Killed Jessica
  1424 | D:2      | Reached XP level 4. HP: 14/28 MP: 5/7
  1803 | D:2      | Noticed Natasha
  1810 | D:2      | Killed Natasha
  1811 | D:2      | Reached skill level 5 in Unarmed Combat
  2150 | D:2      | Noticed Natasha
  2154 | D:2      | Killed Natasha
  2155 | D:2      | Reached XP level 5. HP: 10/33 MP: 6/8
  2665 | D:3      | Found a hide-covered altar of Uskayaw.
  2914 | D:3      | Found a faded altar of an unknown god.
  2917 | D:3      | Noticed Ijyb
  2942 | D:3      | Killed Ijyb
  2943 | D:3      | Reached skill level 6 in Unarmed Combat
  3654 | D:4      | Slain by an orc

Illustrated notes

Levels and vault maps discovered:
D:1:      dpeg_arrival_yet_another_circle, layout_loops_ring
D:2:      layout_loops_ring, uniq_jessica, uniq_natasha
D:3:      layout_loops_ring, eat_drink_and_be_merry_uskayaw,
          hellmonk_ecumenical_altar_dog_temple, uniq_ijyb
D:4:      layout_basic, enter_ossuary_5, due_unseen_surprise

Skill      XL: |  1  2  3  4  5 |
---------------+----------------+-----
Unarmed Combat | 4 5 6 |  6.4
Fighting       | |  1.0
Dodging        | |  2.0
Spellcasting   | |  2.0
Transmutations | |  2.0

Action                   |  1- 3 |  4- 6 || total
-------------------------+-------+-------++-------
Melee: Unarmed           |    28 |    37 ||    65
       Kick              |     5 |    16 ||    21
       Constrict         |     5 |    10 ||    15
       Tentacles         |     4 |     9 ||    13
       Punch             |     1 |     2 ||     3
 Cast: Beastly Appendage |    12 |    14 ||    26
       Wereblood         |       |     1 ||     1
  Use: Scroll            |       |     9 ||     9
       Potion            |       |     1 ||     1
 Stab: Sleeping          |     6 |     2 ||     8
Armor: Skin              |     2 |       ||     2
Dodge: Dodged            |    22 |    23 ||    45

Table legend: (Time is in decaauts)
 A = Elapsed time spent in this place.
 B = Non-inter-level travel time spent in this place.
 C = Inter-level travel time spent in this place.
 D = Time resting spent in this place.
 E = Time spent auto-exploring this place.
 F = Levels seen in this place.
 G = Mean time per level.
                   A        B        C        D        E       F      G
               +--------+--------+--------+--------+--------+-----+--------+
         Total |   3647 |   3558 |     89 |   1041 |   2208 |   4 |  911.8 |
       Dungeon |   3647 |   3558 |     89 |   1041 |   2208 |   4 |  911.8 |
               +--------+--------+--------+--------+--------+-----+--------+

Top non-repeatable levels by time:
     D:2: 1308 daAuts
     D:1: 1097 daAuts
     D:3: 1084 daAuts
     D:4: 156 daAuts
